TOP OF THE 1ST |
Staten Island Yankees batting - Pitching for Spokane Indians : RHP Malibok Fflunker
|
Pitching: RHP Malibok Fflunker
|
|
Batting: RHB Norimoto Miyanishi
|
0-0: Ball 1-0: Called Strike 1-1: Foul Ball, location: 2F 1-2: Ball 2-2: Fly out, F3 (Popup, 23F, EV 85.6 MPH)
|
Batting: RHB Edite Leoni
|
0-0: Called Strike 0-1: Swinging Strike 0-2: Ball 1-2: Foul Ball, location: 2F 1-2: Ground out 5-3 (Groundball, 56S, EV 73.1 MPH)
|
Batting: RHB Pat Pemberton
|
0-0: Called Strike 0-1: Swinging Strike 0-2: Ball 1-2: Ball 2-2: Ball 3-2: Strikes out swinging
|
Top of the 1st over - 0 runs, 0 hits, 0 errors, 0 left on base; Staten Island 0 - Spokane 0 |
BOTTOM OF THE 1ST |
Spokane Indians batting - Pitching for Staten Island Yankees : LHP Dustin Shaw
|
Pitching: LHP Dustin Shaw
|
|
Batting: RHB Danny Odom
|
0-0: Called Strike 0-1: Ball 1-1: Ball 2-1: Foul Ball, location: 2F 2-2: TRIPLE (Flyball, 78XD, EV 96.9 MPH)
|
Batting: RHB Josh Whitmore
|
0-0: Foul Ball, location: 2F 0-1: Foul Ball, location: 2F 0-2: Ball 1-2: Ball 2-2: Strikes out swinging
|
Batting: RHB Mike Thornton
|
0-0: Called Strike 0-1: Ball 1-1: Fly out, F8 (Flyball, 8RD, EV 87.5 MPH) Runner from 3rd tags up, SCORES, throw by CF
|
Batting: RHB Vinny Luna
|
0-0: Ball 1-0: SOLO HOME RUN (Line Drive, 9LD, EV 89.4 MPH), Distance : 336 ft
|
Batting: RHB Theo van Gent
|
0-0: Called Strike 0-1: Ball 1-1: DOUBLE (Groundball, 3L, EV 106.9 MPH)
|
Batting: RHB Edwin Soto
|
0-0: Called Strike 0-1: Ball 1-1: Swinging Strike 1-2: SINGLE (Flyball, 7LS, EV 98.1 MPH) Theo van Gent to third Runner from 3rd tries for Home, SAFE, throw by LF to home
|
Batting: SHB Isaiah Cherry
|
0-0: Ball 1-0: Ball 2-0: Called Strike 2-1: Foul Ball, location: 2F 2-2: Foul Ball, location: 2F 2-2: Ball 3-2: Ground out 4-3 (Groundball, 4, EV 79.4 MPH)
|
Bottom of the 1st over - 3 runs, 4 hits, 0 errors, 1 left on base; Staten Island 0 - Spokane 3 |
TOP OF THE 2ND |
Staten Island Yankees batting - Pitching for Spokane Indians : RHP Malibok Fflunker
|
Batting: SHB Tadaaki Kondo
|
0-0: Foul Ball, location: 2F 0-1: Ball 1-1: Foul Ball, location: 2F 1-2: Strikes out looking
|
Batting: RHB Jon Pierce
|
0-0: Ball 1-0: Ball 2-0: Called Strike 2-1: Called Strike 2-2: Ground out 4-3 (Groundball, 4M, EV 102.5 MPH)
|
Batting: SHB Adam Slade
|
0-0: Swinging Strike 0-1: Ball 1-1: Ball 2-1: SINGLE (Flyball, 9LM, EV 86.9 MPH) - OUT at second base trying to stretch hit.
|
Top of the 2nd over - 0 runs, 1 hit, 0 errors, 0 left on base; Staten Island 0 - Spokane 3 |
BOTTOM OF THE 2ND |
Spokane Indians batting - Pitching for Staten Island Yankees : LHP Dustin Shaw
|
Batting: RHB Alex Vazquez
|
0-0: Ball 1-0: Called Strike 1-1: Ball 2-1: Called Strike 2-2: Ground out U3 (Groundball, 34, EV 100.0 MPH)
|
Batting: RHB Rick Concha
|
0-0: Foul Ball, location: 2F 0-1: Ball 1-1: SINGLE (Groundball, P, EV 80.6 MPH) (infield hit)
|
Batting: RHB Danny Odom
|
0-0: Ball 1-0: Called Strike 1-1: Ball Wild Pitch! Rick Concha to second 2-1: Foul Ball, location: 2F 2-2: Foul Ball, location: 2F 2-2: Fly out, F8 (Flyball, 8LD, EV 81.2 MPH)
|
Batting: RHB Josh Whitmore
|
0-0: Ball Passed Ball! Rick Concha to third 1-0: Called Strike 1-1: Ground out 5-3 (Groundball, 5L, EV 81.9 MPH)
|
Bottom of the 2nd over - 0 runs, 1 hit, 0 errors, 1 left on base; Staten Island 0 - Spokane 3 |
TOP OF THE 3RD |
Staten Island Yankees batting - Pitching for Spokane Indians : RHP Malibok Fflunker
|
Batting: RHB Jesus Ruiz
|
0-0: Ground out 6-3 (Groundball, 6, EV 80.0 MPH)
|
Batting: LHB Danny de Leon
|
0-0: Foul Ball, location: 2F 0-1: Ground out 5-3 (Groundball, 5L, EV 81.9 MPH)
|
Batting: RHB Alex Blanco
|
0-0: Ball 1-0: Ball 2-0: Called Strike 2-1: Foul Ball, location: 2F 2-2: Hit by Pitch
|
Batting: RHB Norimoto Miyanishi
|
0-0: Swinging Strike 0-1: Ground out 1-3 (Groundball, 15S, EV 70.0 MPH)
|
Top of the 3rd over - 0 runs, 0 hits, 0 errors, 1 left on base; Staten Island 0 - Spokane 3 |
BOTTOM OF THE 3RD |
Spokane Indians batting - Pitching for Staten Island Yankees : LHP Dustin Shaw
|
Batting: RHB Mike Thornton
|
0-0: Called Strike 0-1: Called Strike 0-2: Ball 1-2: Foul Ball, location: 2F 1-2: Foul Ball, location: 2F 1-2: SINGLE (Line Drive, 4MD, EV 96.9 MPH)
|
Batting: RHB Vinny Luna
|
0-0: Foul Ball, location: 2F 0-1: Swinging Strike 0-2: Ball 1-2: Ball 2-2: Foul Ball, location: 2F 2-2: Strikes out swinging
|
Batting: RHB Theo van Gent
|
0-0: Foul Ball, location: 2F 0-1: Ball 1-1: Ball 2-1: Called Strike 2-2: Ball 3-2: Base on Balls Mike Thornton to second
|
Batting: RHB Edwin Soto
|
0-0: Fly out, F4 (Line Drive, 34, EV 69.4 MPH)
|
Batting: SHB Isaiah Cherry
|
0-0: Ball 1-0: Ball 2-0: Ball 3-0: Called Strike 3-1: Foul Ball, location: 2F 3-2: SINGLE (Groundball, 6MD, EV 96.2 MPH) Mike Thornton to third Theo van Gent to second Mike Thornton scores Theo van Gent to third
|
Batting: RHB Alex Vazquez
|
0-0: Ball 1-0: Swinging Strike 1-1: Swinging Strike 1-2: Fly out, F7 (Flyball, 7D, EV 102.5 MPH)
|
Bottom of the 3rd over - 1 run, 2 hits, 0 errors, 2 left on base; Staten Island 0 - Spokane 4 |
TOP OF THE 4TH |
Staten Island Yankees batting - Pitching for Spokane Indians : RHP Malibok Fflunker
|
Batting: RHB Edite Leoni
|
0-0: Ground out 6-3 (Groundball, 6, EV 103.1 MPH)
|
Batting: RHB Pat Pemberton
|
0-0: Ground out U3 (Groundball, 34, EV 95.0 MPH)
|
Batting: SHB Tadaaki Kondo
|
0-0: Called Strike 0-1: Foul Ball, location: 2F 0-2: Strikes out swinging
|
Top of the 4th over - 0 runs, 0 hits, 0 errors, 0 left on base; Staten Island 0 - Spokane 4 |
BOTTOM OF THE 4TH |
Spokane Indians batting - Pitching for Staten Island Yankees : LHP Dustin Shaw
|
Batting: RHB Rick Concha
|
0-0: Ball 1-0: Foul Ball, location: 2F 1-1: Foul Ball, location: 2F 1-2: DOUBLE (Line Drive, 9LS, EV 98.1 MPH)
|
Pitching: LHP Colin Scott
|
|
Batting: RHB Danny Odom
|
0-0: Ball 1-0: Ball 2-0: Ball 3-0: Base on Balls
|
Batting: RHB Josh Whitmore
|
0-0: Called Strike Rick Concha steals 3rd base (no throw) Danny Odom to second 0-1: Ball 1-1: Swinging Strike 1-2: Ball 2-2: Strikes out looking
|
Batting: RHB Mike Thornton
|
0-0: Ball 1-0: Ball 2-0: Swinging Strike 2-1: Swinging Strike 2-2: Foul Ball, location: 2F 2-2: Strikes out looking
|
Batting: RHB Vinny Luna
|
0-0: Ball 1-0: Called Strike 1-1: Ball 2-1: Ground out 6-3 (Groundball, 6, EV 83.8 MPH)
|
Bottom of the 4th over - 0 runs, 1 hit, 0 errors, 2 left on base; Staten Island 0 - Spokane 4 |
TOP OF THE 5TH |
Staten Island Yankees batting - Pitching for Spokane Indians : RHP Malibok Fflunker
|
Batting: RHB Jon Pierce
|
0-0: DOUBLE (Line Drive, 78D, EV 106.2 MPH)
|
Batting: SHB Adam Slade
|
0-0: Foul Ball, location: 2F 0-1: Swinging Strike 0-2: Foul Ball, location: 2F 0-2: Strikes out swinging
|
Batting: RHB Jesus Ruiz
|
0-0: Called Strike 0-1: Foul Ball, location: 2F 0-2: Fly out, F8 (Flyball, 78M, EV 84.4 MPH)
|
Batting: LHB Danny de Leon
|
0-0: Ball 1-0: Ball 2-0: SINGLE (Flyball, 9LS, EV 95.0 MPH) Jon Pierce to third
|
Batting: RHB Alex Blanco
|
0-0: Ball 1-0: Called Strike 1-1: Ball 2-1: Called Strike 2-2: Strikes out swinging
|
Top of the 5th over - 0 runs, 2 hits, 0 errors, 2 left on base; Staten Island 0 - Spokane 4 |
BOTTOM OF THE 5TH |
Spokane Indians batting - Pitching for Staten Island Yankees : LHP Colin Scott
|
Pitching: RHP Nick Peters
|
|
Batting: RHB Theo van Gent
|
0-0: Called Strike 0-1: Ball 1-1: Ball 2-1: SINGLE (Groundball, 6MD, EV 106.2 MPH)
|
Batting: RHB Edwin Soto
|
0-0: Ball Theo van Gent is caught stealing 2nd base 2-4 1-0: Fly out, F8 (Flyball, 8LXD, EV 105.6 MPH)
|
Batting: SHB Isaiah Cherry
|
0-0: Ball 1-0: Ball 2-0: Foul Ball, location: 2F 2-1: Foul Ball, location: 2F 2-2: Strikes out swinging
|
Bottom of the 5th over - 0 runs, 1 hit, 0 errors, 0 left on base; Staten Island 0 - Spokane 4 |
TOP OF THE 6TH |
Staten Island Yankees batting - Pitching for Spokane Indians : RHP Malibok Fflunker
|
Batting: RHB Norimoto Miyanishi
|
0-0: Ball 1-0: Swinging Strike 1-1: Foul Ball, location: 2F 1-2: Ball 2-2: Fly out, F8 (Flyball, 78M, EV 91.9 MPH)
|
Batting: RHB Edite Leoni
|
0-0: Called Strike 0-1: SINGLE (Groundball, 6M, EV 104.4 MPH)
|
Batting: RHB Pat Pemberton
|
0-0: Called Strike 0-1: Grounds into double play, 6-4-3 (Groundball, 6, EV 91.9 MPH)
|
Top of the 6th over - 0 runs, 1 hit, 0 errors, 0 left on base; Staten Island 0 - Spokane 4 |
BOTTOM OF THE 6TH |
Spokane Indians batting - Pitching for Staten Island Yankees : RHP Nick Peters
|
Batting: RHB Alex Vazquez
|
0-0: Ball 1-0: Called Strike 1-1: Swinging Strike 1-2: Strikes out swinging
|
Batting: RHB Rick Concha
|
0-0: Ball 1-0: Ground out 6-3 (Groundball, 6, EV 80.0 MPH)
|
Batting: RHB Danny Odom
|
0-0: Swinging Strike 0-1: Foul Ball, location: 2F 0-2: Ball 1-2: Ball 2-2: Strikes out swinging
|
Bottom of the 6th over - 0 runs, 0 hits, 0 errors, 0 left on base; Staten Island 0 - Spokane 4 |
TOP OF THE 7TH |
Staten Island Yankees batting - Pitching for Spokane Indians : RHP Malibok Fflunker
|
Batting: SHB Tadaaki Kondo
|
0-0: Swinging Strike 0-1: Ball 1-1: Called Strike 1-2: Foul Ball, location: 2F 1-2: Foul Ball, location: 2F 1-2: Foul Ball, location: 2F 1-2: Foul Ball, location: 2F 1-2: Ground out 4-3 (Groundball, 13, EV 79.4 MPH)
|
Batting: RHB Jon Pierce
|
0-0: Ball 1-0: Ball 2-0: Ball 3-0: Called Strike 3-1: DOUBLE (Flyball, 89D, EV 91.2 MPH)
|
Batting: SHB Adam Slade
|
0-0: Called Strike 0-1: Foul Ball, location: 2F 0-2: SINGLE (Groundball, 6MD, EV 107.5 MPH) Jon Pierce to third
|
Batting: RHB Jesus Ruiz
|
0-0: Foul Ball, location: 2F Balk! Jon Pierce scores Adam Slade to second 0-1: Foul Ball, location: 2F 0-2: Ball 1-2: Ball 2-2: Strikes out looking
|
Batting: LHB Danny de Leon
|
0-0: Foul Ball, location: 2F 0-1: Ball 1-1: Called Strike 1-2: Foul Ball, location: 2F 1-2: Foul Ball, location: 2F 1-2: Strikes out swinging
|
Top of the 7th over - 1 run, 2 hits, 0 errors, 1 left on base; Staten Island 1 - Spokane 4 |
BOTTOM OF THE 7TH |
Spokane Indians batting - Pitching for Staten Island Yankees : RHP Nick Peters
|
Pitching: RHP Nate LaCava
|
|
Batting: RHB Josh Whitmore
|
0-0: Ground out U3 (Groundball, 3L, EV 84.4 MPH)
|
Batting: RHB Mike Thornton
|
0-0: Foul Ball, location: 2F 0-1: Ball 1-1: Called Strike 1-2: Foul Ball, location: 2F 1-2: SINGLE (Flyball, 56D, EV 86.9 MPH)
|
Batting: RHB Vinny Luna
|
0-0: Swinging Strike 0-1: Called Strike 0-2: Strikes out swinging
|
Batting: RHB Theo van Gent
|
0-0: Ball 1-0: Ball Mike Thornton steals 2nd base 2-0: Ball 3-0: Base on Balls
|
Batting: RHB Edwin Soto
|
0-0: Ball 1-0: Ball Mike Thornton steals 3rd base Theo van Gent to second 2-0: Ball 3-0: Base on Balls
|
Batting: SHB Isaiah Cherry
|
0-0: Fly out, F7 (Flyball, 7D, EV 99.4 MPH)
|
Bottom of the 7th over - 0 runs, 1 hit, 0 errors, 3 left on base; Staten Island 1 - Spokane 4 |
TOP OF THE 8TH |
Staten Island Yankees batting - Pitching for Spokane Indians : RHP Malibok Fflunker
|
Batting: RHB Alex Blanco
|
0-0: Ground out 5-3 (Groundball, 5L, EV 86.2 MPH)
|
Pinch Hitting: LHB Dario Segura
|
0-0: Ball 1-0: Called Strike 1-1: Ball 2-1: Foul Ball, location: 2F 2-2: Ground out 4-3 (Groundball, 4S, EV 88.1 MPH)
|
Batting: RHB Edite Leoni
|
0-0: Ball 1-0: Swinging Strike 1-1: Foul Ball, location: 2F 1-2: Strikes out looking
|
Top of the 8th over - 0 runs, 0 hits, 0 errors, 0 left on base; Staten Island 1 - Spokane 4 |
BOTTOM OF THE 8TH |
Spokane Indians batting - Pitching for Staten Island Yankees : RHP Nate LaCava
|
Now in CF: Mike Schermerhorn
|
|
Batting: RHB Alex Vazquez
|
0-0: Ball 1-0: Ball 2-0: Ball 3-0: Base on Balls
|
Batting: RHB Rick Concha
|
0-0: Bunted foul 0-1: Sac Bunt to 25 - play at first, batter safe! Alex Vazquez to second
|
Batting: RHB Danny Odom
|
0-0: Ball 1-0: Ball 2-0: Sac Bunt to 15S - play at first, batter OUT! 1-4 Alex Vazquez to third Rick Concha to second
|
Batting: RHB Josh Whitmore
|
0-0: Called Strike 0-1: Foul Ball, location: 2F 0-2: Ball 1-2: Ball 2-2: Fly out, F9 (Flyball, 9D, EV 83.8 MPH) Runner from 3rd tags up, SCORES, no throw by RF
|
Batting: RHB Mike Thornton
|
0-0: 2-RUN HOME RUN (Flyball, 9D, EV 97.5 MPH), Distance : 374 ft
|
Batting: RHB Vinny Luna
|
0-0: Ball 1-0: Fly out, F8 (Flyball, 8RM, EV 89.4 MPH)
|
Bottom of the 8th over - 3 runs, 2 hits, 0 errors, 0 left on base; Staten Island 1 - Spokane 7 |
TOP OF THE 9TH |
Staten Island Yankees batting - Pitching for Spokane Indians : RHP Malibok Fflunker
|
Pitching: RHP Chris Lincecum II
|
|
Now at 1B: Jason Swisher
|
|
Batting: RHB Pat Pemberton
|
0-0: Called Strike 0-1: Ball 1-1: Fly out, F9 (Flyball, 9D, EV 84.4 MPH)
|
Batting: SHB Tadaaki Kondo
|
0-0: Called Strike 0-1: Called Strike 0-2: Strikes out looking
|
Batting: RHB Jon Pierce
|
0-0: Ball 1-0: Foul Ball, location: 2F 1-1: Called Strike 1-2: Strikes out swinging
|
Top of the 9th over - 0 runs, 0 hits, 0 errors, 0 left on base; Staten Island 1 - Spokane 7 |
|